 Dungeon Crawl Stone Soup version 0.24.0-37-gcf1ca852f1 (webtiles) character file.

Game seed: 738963135043991023, levelgen mode: deterministic

399 grindst0ne the Chopper (level 6, 0/58 HPs)
             Began as a Deep Dwarf Monk on Dec 1, 2019.
             Slain by an ogre
             ... wielding a cursed -1 giant club
              (20 damage)
             ... on level 4 of the Dungeon.
             The game lasted 00:08:04 (2644 turns).

grindst0ne the Chopper (Deep Dwarf Monk)            Turns: 2644, Time: 00:08:05

Health: 0/58       AC:  7    Str: 14    XL:     6   Next: 53%
Magic:  5/5        EV: 11    Int: 11    God:
Gold:   129        SH:  0    Dex: 15    Spells: 5/5 levels left

rFire    . . .     SeeInvis .   a - +0 hand axe
rCold    . . .     Gourm    .   (no shield)
rNeg     . . .     Faith    .   e - +0 scale mail
rPois    .         Spirit   .   (helmet restricted)
rElec    .         Reflect  .   (no cloak)
rCorr    .         Harm     .   (no gloves)
MR       .....     Clarity  +   (no boots)
Stlth    +.........             (no amulet)
HPRegen  0.00/turn              (no ring)
MPRegen  0.09/turn              (no ring)

@: non-regenerating
A: damage resistance, heal wounds, horns 1, clarity, deterioration 1, sense
surroundings 1, weak 1, no regeneration
a: Heal Wounds


You were on level 4 of the Dungeon.
You were not hungry.

You visited 1 branch of the dungeon, and saw 4 of its levels.

You collected 129 gold pieces.

Inventory:

Hand Weapons
 a - a +0 hand axe (weapon)
 j - a +0 dagger
Missiles
 n - 16 poisoned darts (quivered)
Armour
 b - a +0 robe
 e - a +0 scale mail (worn)
 o - a +1 helmet
Scrolls
 d - a scroll of fog
 i - 2 scrolls of enchant armour
 k - 3 scrolls of remove curse
 m - a scroll of teleportation
Potions
 g - a potion of brilliance
 h - a potion of magic
 l - 2 potions of curing
Comestibles
 c - 5 rations
 f - 3 chunks of flesh


   Skills:
 + Level 4.4 Fighting
 + Level 5.4 Axes
 + Level 4.0 Armour
 - Level 3.2 Dodging
 - Level 2.4 Stealth


You had 5 spell levels left.
You didn't know any spells.
Your spell library was empty.

Dungeon Overview and Level Annotations

Branches:
Dungeon (4/15)
 Temple: D:4-7

Altars:


Innate Abilities, Weirdness & Mutations

You are resistant to damage.
You can heal yourself by infusing magical energy.
You passively map a small area around you.
You do not regenerate.
You have a pair of small horns on your head.
You possess an exceptional clarity of mind.
Your body sometimes deteriorates upon taking damage.
You are weak. (Str -2)


Message History

Aim: an ogre, wielding a -1 giant club (poisoned)
You throw a poisoned dart. The poisoned dart hits the ogre.
Throwing (i - inventory)
n - 18 poisoned darts (quivered)
Press: ? - help, Shift-Dir - straight line, f/p - ogre
Aim: an ogre, wielding a -1 giant club (lightly wounded, poisoned)
You throw a poisoned dart. The poisoned dart hits the ogre.
The ogre looks even sicker.
The ogre is lightly wounded.
Throwing (i - inventory)
n - 17 poisoned darts (quivered)
Press: ? - help, Shift-Dir - straight line, f/p - ogre
Aim: an ogre, wielding a -1 giant club (lightly wounded, poisoned)
You throw a poisoned dart. The poisoned dart hits the ogre.
The ogre is lightly wounded.
You closely miss the ogre.
The ogre is lightly wounded.
The ogre hits you with a cursed -1 giant club!!
You hit the ogre.
The ogre is lightly wounded.
The ogre hits you with a cursed -1 giant club!!
You die...

* * * * * , * * , * ####*
** ,..###,* , ... ,* **
*#.#.#.# , .... #@#...#,
.... #O#.#.#, ?....*
#(#.#.# ....########(#.#<#
* ** #.......(.(#.#.# , ,#
#.....####(#.#.#* #.#
#............#.#########.#
#......###................
* #......#
#.#.........#.#.#


You could see an ogre.

Vanquished Creatures
  A scorpion (D:4)
  A howler monkey (D:4)
  A hound (D:4)
  A bullfrog skeleton (D:4)
  2 iguanas
  An orc wizard (D:3)
  A worker ant (D:4)
  Robin (D:3)
  3 adders
  An ooze (D:1)
  An adder skeleton (D:4)
  A worm (D:2)
  2 dart slugs
  7 leopard geckos
  5 orcs (D:3)
  4 giant cockroaches
  16 goblins
  14 hobgoblins
  9 jackals
  6 bats
  2 frilled lizards (D:1)
  5 kobolds
  10 rats
95 creatures vanquished.

Notes
Turn   | Place    | Note
-------+----------+-------------------------------------------
     0 | D:1      | grindst0ne the Deep Dwarf Monk began the quest for the Orb.
     0 | D:1      | Reached XP level 1. HP: 20/20 MP: 1/1
   235 | D:1      | Reached XP level 2. HP: 24/27 MP: 2/2
   283 | D:1      | Reached skill level 1 in Armour
   571 | D:1      | Reached XP level 3. HP: 22/34 MP: 3/3
  1064 | D:2      | You fall into a shaft and drop 2 floors!
  1083 | D:4      | Reached skill level 4 in Axes
  1096 | D:4      | Reached XP level 4. HP: 34/42 MP: 4/4
  1549 | D:2      | Reached XP level 5. HP: 41/50 MP: 5/5
  1574 | D:2      | Found a faded altar of an unknown god.
  2002 | D:3      | Noticed Robin
  2056 | D:3      | Killed Robin
  2258 | D:3      | Reached skill level 5 in Axes
  2441 | D:4      | Gained mutation: You are weak. (Str -2) [potion of
                  | mutation]
  2441 | D:4      | Gained mutation: You possess an exceptional clarity of
                  | mind. [potion of mutation]
  2441 | D:4      | Gained mutation: Your body sometimes deteriorates upon
                  | taking damage. [potion of mutation]
  2441 | D:4      | Gained mutation: You have a pair of small horns on your
                  | head. [potion of mutation]
  2450 | D:4      | Reached XP level 6. HP: 37/57 MP: 5/5
  2644 | D:4      | Slain by an ogre

Levels and vault maps discovered:
D:1:      dpeg_arrival_triangle_fractal, layout_loops_corners
D:2:      layout_basic, chequers_ecumenical_altar_simple,
          corexii_item_surrounded_by_moat
D:3:      layout_rooms, uniq_robin
D:4:      layout_basic, first_ration, elyvilon_altar_4

Skill      XL: |  1  2  3  4  5  6 |
---------------+-------------------+-----
Armour         | 1 2 3 4 |  4.0
Fighting       | 3 4 |  4.4
Axes           | 4 5 |  5.4
Dodging        | |  3.2
Stealth        | |  2.4

Action                   |  1- 3 |  4- 6 || total
-------------------------+-------+-------++-------
Melee: Hand axe          |   109 |   279 ||   388
       Headbutt          |       |     3 ||     3
Throw: Dart              |       |     9 ||     9
 Abil: Heal Wounds       |     1 |     8 ||     9
  Use: Potion            |     4 |     2 ||     6
       Scroll            |     3 |     4 ||     7
 Stab: Sleeping          |    10 |       ||    10
  Eat: Chunk             |     1 |     5 ||     6
Armor: Robe              |    15 |     2 ||    17
       Scale mail        |       |   113 ||   113
Dodge: Dodged            |    90 |   169 ||   259
